Map: Cyber Forest LE

Players

GOReynor (Reynor) - Winner!

  • Race: Zerg Zerg
  • League: Master
  • Spawn Location: 5:00

llllllllllll (Stats)

  • Race: Protoss Protoss
  • League: Master
  • Spawn Location: 11:00

Event: 2019 Assembly Summer

VOD

Have the link to the VOD?

Description

Time

  • Played on: Aug. 2, 2019, 10:33 a.m.
  • Length: 23:55

All games in this series

Show
View Real Time Build Order
Export as new Build Order

GOReynor Zerg - Winner!

Build Orders: Hatch First, Brood Lord Corruptor, Swarm Host 

Get SALT Encoding   

  12  0:00  Drone  
  13  0:12  Overlord  
  13  0:16  Drone  
  14  0:31  Drone x2  
  16  0:46  Drone  
  16  0:48  Drone  
  18  0:55  Hatchery  
  17  0:59  Drone  
  18  1:05  Extractor  
  17  1:15  Spawning Pool  
  16  1:19  Drone  
  16  1:21  Drone  
  18  1:28  Drone  
  19  1:40  Overlord  
  20  1:54  Drone  
  20  2:02  Queen, Zergling x2  
  20  2:07  Queen, Zergling x2  
  26  2:11  Drone  
  26  2:13  Metabolic Boost  
  27  2:18  Drone  
  27  2:22  Drone  
  29  2:34  Drone  
  30  2:41  Hatchery  
  30  2:43  Zergling x2  
  30  2:45  Drone  
  30  2:50  Overlord  
  31  2:53  Drone  
  31  2:56  Drone  
  33  3:04  Drone  
  34  3:06  Drone  
  35  3:13  Overlord  
  35  3:15  Drone  
  35  3:16  Drone x2  
  38  3:20  Drone  
  38  3:22  Drone  
  42  3:28  Queen  
  42  3:29  Drone  
  44  3:34  Drone  
  44  3:41  Lair  
  44  3:43  Overlord  
  44  3:45  Zergling x4  
  44  3:47  Drone  
  44  3:48  Drone x2  
  48  3:51  Drone  
  50  3:55  Roach Warren  
  50  3:59  Drone  
  50  4:00  Drone  
  50  4:02  Drone  
  52  4:06  Overlord  
  52  4:07  Drone  
  52  4:08  Drone  
  54  4:10  Zergling x2  
  54  4:13  Drone  
  56  4:18  Extractor  
  56  4:19  Drone x3, Extractor  
  56  4:22  Zergling x4  
  58  4:24  Overlord  
  58  4:26  Zergling x2  
  59  4:37  Roach x4  
  67  4:38  Overseer  
  67  4:43  Overlord  
  67  4:45  Drone x4  
  71  4:52  Roach x2  
  75  4:56  Overlord  
  75  4:57  Drone x2  
  77  5:01  Spore Crawler  
  77  5:03  Roach x2  
  79  5:11  Roach x2  
  78  5:19  Overlord  
  75  5:21  Drone x2  
  75  5:25  Drone x2  
  75  5:26  Drone  
  80  5:31  Extractor  
  79  5:36  Overlord  
  79  5:37  Drone x4  
  79  5:39  Overseer  
  79  5:42  Drone x2  
  80  5:49  Drone, Evolution Chamber  
  80  5:52  Glial Reconstitution, Drone, Extractor  
  80  5:53  Drone x2, Extractor  
  80  5:54  Drone x2  
  80  5:56  Spore Crawler  
  82  5:57  Queen  
  82  5:59  Overlord  
  82  6:02  Drone x2  
  86  6:05  Roach x3  
  86  6:10  Drone  
  93  6:14  Roach  
  93  6:15  Zerg Missile Weapons Level 1  
  93  6:16  Drone  
  95  6:23  Roach x4  
  95  6:25  Drone  
  103  6:30  Drone  
  104  6:33  Drone x2  
  104  6:35  Infestation Pit, Drone x2  
  107  6:43  Overlord  
  107  6:44  Roach x2  
  107  6:45  Spore Crawler  
  110  6:48  Overlord  
  110  6:55  Roach  
  110  6:56  Ravager x3  
  110  6:57  Overlord  
  110  7:00  Zergling x2  
  114  7:03  Roach x4  
  119  7:18  Overlord  
  119  7:19  Hatchery  
  118  7:25  Swarm Host x6  
  136  7:30  Overlord  
  136  7:36  Overlord x2  
  136  7:48  Overlord  
  136  7:49  Swarm Host x3  
  145  7:52  Overlord  
  145  7:55  Swarm Host x4  
  157  7:59  Drone x3  
  157  8:02  Drone  
  157  8:05  Ravager  
  162  8:06  Overlord  
  162  8:07  Overlord  
  162  8:10  Zerg Missile Weapons Level 2  
  162  8:11  Drone x3  
  162  8:12  Roach  
  167  8:13  Roach, Extractor  
  167  8:19  Ravager  
  169  8:29  Roach x7  
  182  8:35  Overseer, Roach  
  182  8:38  Roach x3  
  182  8:39  Overlord  
  190  8:47  Roach x2  
  191  8:52  Spore Crawler  
  191  8:53  Roach  
  188  8:56  Overlord  
  188  9:01  Ravager x2  
  190  9:03  Drone x5, Spine Crawler  
  190  9:04  Extractor  
  190  9:07  Roach x3  
  190  9:09  Pneumatized Carapace  
  199  9:10  Overseer  
  197  9:21  Roach  
  189  9:31  Roach x6  
  197  9:52  Ravager x2  
  193  10:10  Roach x7  
  191  10:17  Roach x6  
  191  10:20  Hive  
  198  10:21  Spire  
  197  10:33  Hatchery, Roach x4  
  194  10:36  Overlord x3  
  194  10:37  Overlord  
  194  10:41  Spine Crawler  
  184  10:57  Roach x8  
  184  11:00  Roach x2  
  196  11:06  Zerg Ground Armor Level 1  
  196  11:09  Ravager x2  
  186  11:12  Roach x10  
  186  11:14  Queen  
  186  11:15  Roach x2  
  169  11:26  Roach  
  169  11:27  Roach x5  
  169  11:29  Hatchery  
  170  11:33  Roach x3  
  170  11:36  Greater Spire  
  170  11:37  Roach x2  
  170  11:38  Roach x2  
  170  11:39  Ravager x4  
  186  11:42  Roach x3  
  186  11:44  Ravager  
  186  11:45  Ravager x4  
  195  11:51  Roach x2  
  199  11:55  Spine Crawler x2  
  194  12:29  Spine Crawler  
  191  12:30  Spine Crawler x3  
  188  12:37  Corruptor  
  188  12:38  Corruptor x5  
  188  12:39  Spore Crawler x2  
  188  12:40  Spore Crawler  
  181  12:56  Corruptor x2  
  182  13:03  Zerg Missile Weapons Level 3  
  182  13:04  Zerg Flyer Weapons Level 1  
  182  13:11  Brood Lord x6  
  194  13:13  Overseer x2  
  188  13:30  Brood Lord x2  
  187  13:34  Drone  
  187  13:35  Drone x9  
  191  13:58  Pathogen Glands  
  172  14:15  Roach x4  
  167  14:17  Infestor x5  
  167  14:19  Drone  
  167  14:20  Drone x11  
  183  14:29  Corruptor x2  
  185  14:37  Ravager x2  
  187  14:42  Corruptor x2  
  188  14:52  Extractor  
  184  14:55  Hatchery  
  184  14:57  Corruptor x2  
  169  15:14  Zerg Flyer Weapons Level 2  
  169  15:16  Corruptor  
  169  15:17  Corruptor x2  
  175  15:29  Neural Parasite  
  175  15:34  Corruptor x3  
  181  15:41  Spore Crawler  
  180  15:53  Extractor  
  180  15:54  Corruptor x2  
  183  16:00  Infestor x3  
  183  16:01  Hatchery  
  188  16:08  Spore Crawler  
  188  16:09  Spore Crawler  
  182  16:33  Infestor x4  
  184  16:44  Drone x13  
  195  16:47  Overlord  
  195  16:52  Roach x2  
  197  16:57  Overlord  
  197  16:59  Roach x2  
  197  17:01  Zerg Ground Armor Level 2  
  197  17:05  Queen  
  196  17:12  Roach x2  
  197  17:32  Infestor  
  199  17:53  Overlord  
  199  17:55  Hatchery  
  196  18:00  Overseer x3  
  196  18:02  Infestor  
  198  18:07  Zerg Flyer Weapons Level 3  
  198  18:10  Overlord  
  198  18:19  Corruptor  
  198  18:24  Overseer  
  200  18:31  Roach x4, Zergling x2  
  200  18:32  Zergling x4  
  195  18:41  Infestor x8  
  198  18:52  Roach  
  197  19:06  Infestor  
  199  19:12  Hatchery  
  198  19:30  Corruptor  
  200  19:32  Overseer, Overlord  
  186  19:47  Infestor x5  
  195  19:55  Hatchery  
  195  19:59  Burrow  
  194  20:00  Zerg Ground Armor Level 3  
  194  20:12  Infestor x3  
  194  20:13  Extractor  
  194  20:14  Extractor  
  198  20:39  Infestor  
  200  20:48  Overlord  
  199  21:00  Infestor x26  
  196  21:10  Corruptor x4  
  189  21:28  Infestor x3  
  189  21:32  Extractor  
  194  21:33  Corruptor  
  194  21:34  Zergling x8  
  200  21:49  Hatchery  
  199  21:58  Hatchery  
  183  22:19  Corruptor x3  
  182  22:25  Corruptor, Zergling x2  
  182  22:26  Zergling x14  
  168  22:43  Corruptor  
  168  22:44  Zergling x10  
  159  22:54  Corruptor  
  159  22:55  Zergling x6  
  159  22:56  Queen  
  152  23:02  Zergling x4  
  152  23:03  Queen  
  154  23:07  Corruptor, Spine Crawler x3  
  154  23:08  Zergling x36, Spine Crawler x3  
  154  23:12  Zergling x4  
  162  23:15  Zergling x2  
  155  23:22  Zergling x6  
  155  23:23  Zergling x4  
  158  23:28  Zergling x2  
  158  23:33  Zergling x8  
  159  23:35  Zergling x4  
  159  23:36  Zergling x4  
Show
View Real Time Build Order
Export as new Build Order

llllllllllll Protoss 

Build Orders: 1 Gate Expand, Archon Immortal, Archon Drop, Dark Templar Rush 

Get SALT Encoding   

  12  0:00  Probe  
  13  0:12  Probe  
  14  0:19  Pylon  
  14  0:24  Probe  
  15  0:33  Probe  
  15  0:41  Probe  
  16  0:44  Gateway  
  16  0:46  Assimilator  
  17  0:51  Probe  
  18  1:03  Probe  
  19  1:15  Probe  
  20  1:25  Nexus  
  20  1:34  Cybernetics Core  
  20  1:36  Probe  
  21  1:45  Assimilator  
  21  1:48  Probe  
  22  1:55  Pylon  
  22  2:00  Probe  
  23  2:03  Adept  
  23  2:13  Warp Gate, Probe  
  26  2:23  Twilight Council  
  26  2:25  Probe  
  27  2:33  Probe x2, Stalker  
  29  2:41  Probe x2  
  33  2:51  Probe  
  33  2:52  Probe  
  33  2:56  Robotics Facility  
  35  3:03  Probe  
  35  3:04  Probe  
  37  3:15  Probe  
  37  3:16  Probe  
  37  3:18  Dark Shrine  
  39  3:22  Gateway  
  39  3:28  Probe x2  
  39  3:33  Gateway  
  39  3:34  Warp Prism  
  41  3:36  Gateway  
  41  3:40  Probe  
  42  3:47  Pylon  
  44  3:51  Assimilator  
  44  3:53  Assimilator  
  44  3:56  Probe x2  
  44  4:01  Pylon  
  46  4:07  Adept  
  46  4:08  Probe  
  46  4:09  Probe  
  50  4:10  Pylon  
  50  4:20  Probe  
  50  4:21  Probe  
  52  4:24  Pylon  
  52  4:36  Dark Templar x4, Observer  
  60  4:40  Archon x2  
  61  4:50  Probe  
  61  4:51  Probe  
  61  4:52  Pylon  
  63  5:02  Immortal  
  67  5:10  Nexus  
  67  5:12  Sentry  
  67  5:14  Pylon  
  67  5:16  Sentry  
  67  5:20  Sentry  
  67  5:21  Zealot  
  71  5:23  Pylon  
  71  5:27  Probe x2  
  73  5:32  Forge  
  73  5:41  Immortal  
  70  5:45  Probe x2  
  70  5:46  Sentry  
  78  5:53  Zealot  
  78  5:54  Probe x2  
  80  6:02  Probe x2  
  82  6:07  Charge  
  82  6:10  Protoss Ground Weapons Level 1  
  84  6:11  Probe x2  
  84  6:12  Zealot  
  84  6:15  Stargate  
  84  6:17  Pylon  
  88  6:22  Probe  
  88  6:25  Probe x2  
  91  6:30  Probe  
  91  6:32  Immortal  
  95  6:37  Probe x2, Shield Battery  
  95  6:38  Zealot  
  100  6:41  Zealot  
  100  6:46  Photon Cannon  
  102  6:48  Zealot  
  102  6:50  Adept  
  102  6:52  Phoenix  
  105  6:55  Photon Cannon  
  105  6:59  Zealot  
  108  7:07  Probe x3  
  108  7:08  Phoenix x2  
  108  7:12  Assimilator  
  108  7:14  Assimilator  
  108  7:16  Immortal  
  108  7:20  Phoenix  
  114  7:23  Probe x3  
  114  7:27  Templar Archives  
  117  7:39  Shield Battery x2  
  117  7:40  Zealot x2  
  117  7:42  Shield Battery  
  121  7:55  Immortal  
  121  7:57  Gateway x2  
  125  8:00  Pylon  
  125  8:03  Psionic Storm  
  125  8:08  Shield Battery  
  125  8:10  Shield Battery  
  125  8:11  Shield Battery  
  125  8:15  Pylon x2  
  125  8:16  Pylon  
  125  8:18  Probe x3, Pylon  
  125  8:35  High Templar x2  
  125  8:36  High Templar x2, Immortal  
  137  8:51  Gateway  
  137  8:52  High Templar, Gateway  
  137  8:53  High Templar, Pylon  
  137  8:54  Pylon  
  135  8:57  Protoss Ground Weapons Level 2  
  133  9:06  Shield Battery, Photon Cannon  
  133  9:08  Pylon  
  133  9:11  High Templar x2  
  133  9:14  Zealot x2  
  138  9:30  Archon  
  122  9:32  Zealot  
  122  9:33  Zealot  
  122  9:34  High Templar x2  
  130  9:38  Immortal  
  130  9:41  Probe x3  
  131  9:52  High Templar x2  
  136  9:56  Zealot x4  
  144  10:06  Archon  
  144  10:07  Archon  
  140  10:09  Archon  
  120  10:18  Archon  
  120  10:19  High Templar x2  
  120  10:20  Zealot x4  
  126  10:24  Immortal  
  124  10:36  Zealot x2  
  124  10:42  Fleet Beacon  
  126  10:45  Pylon  
  126  10:46  Zealot x4  
  133  10:57  Archon  
  133  10:58  Archon  
  133  11:01  Zealot x4  
  133  11:02  Mothership  
  129  11:08  Zealot x2  
  129  11:09  Zealot x2  
  129  11:10  Immortal  
  127  11:17  Nexus  
  119  11:18  Pylon  
  115  11:28  High Templar  
  115  11:29  High Templar x2  
  129  11:37  High Templar, Zealot  
  129  11:38  Zealot x2  
  129  11:39  Zealot  
  131  11:52  Pylon  
  131  11:59  High Templar x2  
  131  12:00  Zealot x2  
  139  12:02  Zealot x3  
  145  12:09  Immortal  
  145  12:18  Zealot  
  150  12:25  Stargate  
  150  12:26  Stargate  
  148  12:34  Nexus  
  148  12:35  Zealot x5  
  148  12:36  Zealot x2  
  146  13:04  High Templar x3  
  146  13:05  High Templar, Zealot x4  
  154  13:08  Tempest  
  164  13:15  Tempest  
  169  13:26  Zealot x4, Tempest  
  178  13:41  Tempest  
  175  13:58  Observer  
  175  13:59  Zealot x5  
  175  14:00  Zealot x3  
  187  14:04  Protoss Air Weapons Level 1  
  187  14:06  Archon  
  177  14:11  Tempest x2  
  177  14:15  Oracle  
  158  14:38  Probe x3  
  159  14:40  Probe  
  160  14:54  Void Ray x2  
  160  14:55  Void Ray  
  168  15:19  Assimilator  
  168  15:20  Assimilator, Pylon x2  
  167  15:30  High Templar x2  
  167  15:35  Zealot x4  
  173  15:37  Zealot x2  
  183  15:44  Observer  
  183  15:45  Photon Cannon  
  183  15:48  Protoss Shields Level 1  
  184  16:02  Observer, Protoss Air Weapons Level 2  
  184  16:06  Zealot  
  187  16:23  Void Ray x3  
  198  16:28  Archon  
  197  16:35  Zealot  
  197  16:37  Zealot  
  197  16:42  Zealot  
  199  17:02  Nexus  
  199  17:04  Pylon  
  197  17:10  Cybernetics Core  
  193  17:25  Robotics Bay  
  193  17:26  Void Ray x2  
  193  17:28  Robotics Facility  
  183  17:30  Robotics Facility  
  187  18:00  Probe x4  
  191  18:06  Assimilator  
  191  18:11  Disruptor, Assimilator  
  191  18:12  Disruptor  
  187  18:18  Disruptor  
  194  18:28  Protoss Air Armor Level 1  
  188  18:35  Protoss Air Weapons Level 3  
  188  18:37  Disruptor  
  188  18:39  Protoss Ground Weapons Level 3  
  186  18:45  Nexus  
  186  18:46  Disruptor  
  186  18:47  Pylon  
  175  19:06  Disruptor, Carrier  
  169  19:44  Oracle x2  
  168  19:49  Nexus  
  174  20:06  Pylon  
  174  20:17  Assimilator  
  174  20:21  Assimilator  
  174  20:52  Stalker x3  
  174  20:53  Stalker x3  
  174  21:38  Nexus  
  157  22:27  Void Ray x2  
  124  23:00  Void Ray  
  123  23:10  Void Ray  
Tags
 
Add a new tag
Caveats
  • Supply blocks, unpowered buildings, or Contaminate may cause inaccurate times.
  • Supply counts are checked every 10 seconds.